AoeStats
← xlalox corona

Four Lakes

509825174Analyzed
1v1 RM · 3d ago on Sep 28, 2026· 16m 10s· 2 players
Game mode
Random Map
Map size
Tiny (2 player)
Population
200
Speed
Normal
Resources
Standard
Victory
Conquest
Starting age
Dark Age
Ending age
Imperial Age
RankedLock teamsTeams togetherTeam positionsShared explorationLock speedFull tech treeHidden civsTurbo modeCheats
Victory
Defeat
🇲🇽 Japanese · Mexico
1713
+14
🇨🇳 Magyars · China
1664
-14
Estus
7:06 Loom
9:38 Feudal Age
10:26 Double-Bit Axe
12:58 Horse Collar
xlalox corona
6:25 Loom
9:26 Feudal Age
9:29 Man-at-Arms
11:10 Double-Bit Axe
Connection lost

Rejoining the realm…

Still unreachable

The connection could not be restored.

Session expired

The server has moved on; the page needs a fresh start.